 Dungeon Crawl Stone Soup version 0.23.1-37-gaa34b87b72 (webtiles) character file.

Game seed: 14274838353943535564

193 GGGomer the Charmwright (level 5, -7/43 HPs)
             Began as a Gnoll Skald on Mar 21, 2019.
             Mangled by a gnoll
             ... wielding a +0 halberd
              (14 damage)
             ... on level 3 of the Dungeon.
             The game lasted 00:10:02 (2718 turns).

GGGomer the Charmwright (Gnoll Skald)               Turns: 2718, Time: 00:10:02

Health: -7/43      AC:  4    Str: 14    XL:     5   Next: 72%
Magic:  5/12       EV: 14    Int: 16    God:
Gold:   202        SH:  0    Dex: 14    Spells: 8/14 levels left

rFire    . . .     SeeInvis .   t - +0 spear
rCold    . . .     Gourm    .   (no shield)
rNeg     . . .     Faith    .   b - +0 leather armour
rPois    .         Spirit   .   f - +0 helmet
rElec    .         Reflect  .   (no cloak)
rCorr    .         Harm     .   (no gloves)
MR       .....                  (no boots)
Stlth    ++........             (no amulet)
HPRegen  0.14/turn              (no ring)
MPRegen  0.13/turn              (no ring)

@: infused (expiring), singing (expiring)
A: distributed training, fangs 1, strong nose
a: no special abilities


You were on level 3 of the Dungeon.
You were very full.

You visited 1 branch of the dungeon, and saw 3 of its levels.

You collected 202 gold pieces.

Inventory:

Hand Weapons
 a - a +0 hand axe
 r - a +0 hunting sling
 t - a +0 spear (weapon)
Missiles
 u - 27 stones (quivered)
Armour
 b - a +0 leather armour (worn)
 f - a +0 helmet (worn)
Jewellery
 e - a +3 ring of intelligence {unknown}
 k - an uncursed ring of poison resistance {unknown}
Scrolls
 c - 6 scrolls of identify {unknown}
 g - a scroll of enchant armour {unknown}
 h - a scroll of blinking {unknown}
 j - 3 scrolls of remove curse {unknown}
 l - 3 scrolls of magic mapping {unknown}
 n - a scroll of random uselessness {unknown}
 p - 2 scrolls of fog {unknown}
 q - a scroll of amnesia {unknown}
 v - a scroll of immolation {unknown}
Potions
 i - a potion of haste {unknown}
 m - 2 potions of heal wounds {unknown}
 o - a potion of might {unknown}
 s - a potion of curing {unknown}
 w - a potion of agility {unknown}
Comestibles
 d - a ration


   Skills:
 + Level 4.8 Fighting
 + Level 1.6 Short Blades
 + Level 1.6 Long Blades
 + Level 4.8 Axes
 + Level 1.6 Maces & Flails
 + Level 1.6 Polearms
 + Level 1.6 Staves
 + Level 1.6 Slings
 + Level 1.6 Bows
 + Level 1.6 Crossbows
 + Level 1.6 Throwing
 + Level 3.0 Armour
 + Level 4.8 Dodging
 + Level 1.6 Stealth
 + Level 1.6 Shields
 + Level 1.6 Unarmed Combat
 + Level 5.2 Spellcasting
 + Level 1.2 Conjurations
 + Level 1.2 Hexes
 + Level 5.5 Charms
 + Level 1.2 Summonings
 + Level 1.2 Necromancy
 + Level 1.2 Translocations
 + Level 1.2 Transmutations
 + Level 1.2 Fire Magic
 + Level 1.2 Ice Magic
 + Level 1.2 Air Magic
 + Level 1.2 Earth Magic
 + Level 1.2 Poison Magic
 + Level 1.8 Invocations
 + Level 1.6 Evocations


You had 8 spell levels left.
You knew the following spells:

 Your Spells              Type           Power        Failure   Level  Hunger
a - Infusion              Chrm           ###.         1%          1    None
b - Song of Slaying       Chrm           ###.....     2%          2    #......
c - Spectral Weapon       Hex/Chrm       ###.....     14%         3    ###....

Your spell library contained the following spells:

 Spells                   Type           Power        Failure   Level  Hunger
 Shroud of Golubria       Chrm/Tloc      ###.......   7%          2    #......
 Confusing Touch          Hex            #.....       11%         1    None
 Regeneration             Chrm/Necr      ###.......   14%         3    ###....
 Confuse                  Hex            #.......     32%         3    ###....
 Gell's Gravitas          Tloc           #.........   32%         3    ###....
 Petrify                  Tmut/Erth      #.......     71%         4    ####...
 Metabolic Englaciation   Hex/Ice        #.........   96%         5    ######.
 Yara's Violent Unravell  Hex/Tmut       #.........   96%         5    ######.


Dungeon Overview and Level Annotations

Branches:
Dungeon (3/15)

Altars:


Innate Abilities, Weirdness & Mutations

Your experience applies equally to all skills.
You have very sharp teeth.
Your uncanny sense of smell can sniff out nearby items.


Message History

You become entangled in the net!
The gnoll hits you but does no damage.
All of the chunks of flesh in your inventory have rotted away.
Things that are here:
a throwing net; a +0 flail You struggle against the net.
The gnoll barely misses you.
The gnoll hits you from afar with a +0 halberd!
You struggle against the net.
Your song is almost over.
The gnoll hits you with a +0 flail!
* * * LOW HITPOINT WARNING * * *
The gnoll barely misses you.
You rip the net and break free!
Your magical infusion is running out.
The gnoll barely misses you.
You barely miss the gnoll. The gnoll closely misses you.
You puncture the gnoll!
The gnoll is almost dead.
The gnoll hits you but does no damage.
The gnoll hits you from afar with a +0 halberd!
You die...

#.....##.. ... ∆
#####.....##.# ..#
..........##.# #.#
..........##.# #.#
..........##.# #.#
..........##†# #.#
..........##.###.######+#
.g.....).ggg..............
.g###.....##@###.####....#
########.# #..# #....# #.#
##.# #....# #.# #.# #....#
# #.# #.###....# # ∆ ..#
#..##....# #
#######.##....####
.................#
########.###.###.#


You could see 3 gnolls.

Vanquished Creatures
  A scorpion (D:2)
  Jessica (D:2)
  A gnoll (D:3)
  2 adders (D:2)
  An ooze (D:1)
  A dart slug (D:2)
  A leopard gecko (D:2)
  12 bats
  8 giant cockroaches
  10 goblins
  9 hobgoblins
  9 jackals
  3 quokkas
  6 frilled lizards
  6 kobolds
  7 rats
78 creatures vanquished.

Notes
Turn   | Place    | Note
-------+----------+-------------------------------------------
     0 | D:1      | GGGomer the Gnoll Skald began the quest for the Orb.
     0 | D:1      | Reached XP level 1. HP: 20/20 MP: 6/6
    97 | D:1      | Reached XP level 2. HP: 23/26 MP: 2/7
   396 | D:1      | Reached XP level 3. HP: 31/31 MP: 1/9
   404 | D:1      | Reached skill level 5 in Spellcasting
   801 | D:1      | Reached skill level 1 in Invocations
   911 | D:1      | Learned a level 2 spell: Song of Slaying
   916 | D:1      | Learned a level 3 spell: Spectral Weapon
   956 | D:2      | Reached skill level 1 in Short Blades
   956 | D:2      | Reached skill level 1 in Long Blades
   956 | D:2      | Reached skill level 1 in Maces & Flails
   956 | D:2      | Reached skill level 1 in Polearms
   956 | D:2      | Reached skill level 1 in Staves
   956 | D:2      | Reached skill level 1 in Slings
   956 | D:2      | Reached skill level 1 in Bows
   956 | D:2      | Reached skill level 1 in Crossbows
   956 | D:2      | Reached skill level 1 in Throwing
   956 | D:2      | Reached skill level 1 in Stealth
   956 | D:2      | Reached skill level 1 in Shields
   956 | D:2      | Reached skill level 1 in Unarmed Combat
   956 | D:2      | Reached skill level 1 in Evocations
  1025 | D:2      | Noticed a scorpion
  1034 | D:2      | Reached XP level 4. HP: 36/38 MP: 0/11
  1039 | D:2      | Reached skill level 1 in Conjurations
  1039 | D:2      | Reached skill level 1 in Hexes
  1039 | D:2      | Reached skill level 1 in Summonings
  1039 | D:2      | Reached skill level 1 in Necromancy
  1039 | D:2      | Reached skill level 1 in Translocations
  1039 | D:2      | Reached skill level 1 in Transmutations
  1039 | D:2      | Reached skill level 1 in Fire Magic
  1039 | D:2      | Reached skill level 1 in Ice Magic
  1039 | D:2      | Reached skill level 1 in Air Magic
  1039 | D:2      | Reached skill level 1 in Earth Magic
  1039 | D:2      | Reached skill level 1 in Poison Magic
  1251 | D:2      | Reached XP level 5. HP: 43/43 MP: 10/12
  1702 | D:2      | Noticed Jessica
  1712 | D:2      | Killed Jessica
  2718 | D:3      | Mangled by a gnoll

Skill      XL: |  1  2  3  4  5 |
---------------+----------------+-----
Spellcasting   | 5 |  5.2
Invocations    | 1 |  1.8
Short Blades   | 1 |  1.6
Long Blades    | 1 |  1.6
Maces & Flails | 1 |  1.6
Polearms       | 1 |  1.6
Staves         | 1 |  1.6
Slings         | 1 |  1.6
Bows           | 1 |  1.6
Crossbows      | 1 |  1.6
Throwing       | 1 |  1.6
Stealth        | 1 |  1.6
Shields        | 1 |  1.6
Unarmed Combat | 1 |  1.6
Evocations     | 1 |  1.6
Conjurations   | 1 |  1.2
Hexes          | 1 |  1.2
Summonings     | 1 |  1.2
Necromancy     | 1 |  1.2
Translocations | 1 |  1.2
Transmutations | 1 |  1.2
Fire Magic     | 1 |  1.2
Ice Magic      | 1 |  1.2
Air Magic      | 1 |  1.2
Earth Magic    | 1 |  1.2
Poison Magic   | 1 |  1.2
Armour         | 3 |  3.0
Fighting       | |  4.8
Axes           | |  4.8
Dodging        | |  4.8
Charms         | |  5.5

Action                   |  1- 3 |  4- 6 || total
-------------------------+-------+-------++-------
Melee: Hand axe          |    97 |    68 ||   165
       Bite              |     6 |    11 ||    17
       Spear             |       |    32 ||    32
 Cast: Infusion          |    14 |    15 ||    29
       Spectral Weapon   |     2 |       ||     2
       Song of Slaying   |       |     4 ||     4
 Stab: Sleeping          |     3 |     1 ||     4
  Eat: Ration            |     1 |     3 ||     4
Armor: Leather armour    |    32 |    36 ||    68
Dodge: Dodged            |   105 |   120 ||   225
